 Dungeon Crawl Stone Soup version 0.31-a0-237-g2d982f9f85 (webtiles) character file.

Game seed: 1832598520168243940

88 jlumianski the Magician (level 4, -1/31 HPs)
             Began as a Djinni Fire Elementalist on July 12, 2023.
             Slain by a gnoll
             ... wielding a +0 whip
              (3 damage)
             ... on level 2 of the Dungeon.
             The game lasted 00:11:33 (1796 turns).

jlumianski the Magician (Djinni Fire Elementalist)  Turns: 1796, Time: 00:11:36

Health: -1/31      AC:  3    Str:  7    XL:     4   Next: 82%
Gold:   96         EV: 12    Int: 19    God:
                   SH:  0    Dex: 13

rFire   + + .        t - +0 rapier
rCold   x . .        (no shield)
rNeg    . . .        a - +0 robe
rPois   ∞            (no helmet)
rElec   .            (no cloak)
rCorr   .            h - +0 pair of gloves
SInv    .            (boots unavailable)
Will    .....        (no amulet)
Stlth   ++           (no ring)
HPRegen 0.25/turn    (no ring)
MPRegen 0.00/turn

%: infuse magic (-2 HP)
@: flying, very slightly contaminated
A: sickness immunity, fire resistance 2, cold vulnerability 1, float, innate
caster, HP casting, extra vitality 1
a: no special abilities


You were on level 2 of the Dungeon.
You visited 1 branch of the dungeon, and saw 4 of its levels.

You collected 96 gold pieces.

Inventory:

Hand Weapons
 b - a +0 dagger
 g - a +0 short sword
 l - a +0 whip of electrocution
 t - a +0 rapier (weapon)
Missiles
 c - 3 poisoned darts
 e - 16 stones
Armour
 a - a +0 robe (worn)
 h - a +0 pair of gloves (worn)
Wands
 s - a wand of polymorph (9)
Scrolls
 d - a scroll of enchant weapon {unknown}
 f - 2 scrolls of identify {unknown}
 j - a scroll of immolation {unknown}
 o - a scroll of amnesia {unknown}
 q - a scroll of revelation {unknown}
 r - a scroll of fog {unknown}
Potions
 k - a potion of heal wounds {unknown}
 m - a potion of curing {unknown}
 n - a potion of might {unknown}
 p - a potion of degeneration {unknown}


   Skills:
 + Level 2.8 Dodging
 + Level 2.4 Stealth
 * Level 3.5 Spellcasting
 * Level 3.5 Conjurations
 * Level 3.5 Hexes
 * Level 3.5 Summonings
 * Level 3.5 Necromancy
 * Level 3.5 Translocations
 * Level 3.5 Transmutations
 * Level 3.5 Fire Magic
 * Level 3.5 Ice Magic
 * Level 3.5 Air Magic
 * Level 3.5 Earth Magic
 * Level 3.5 Poison Magic


You knew the following spells:

 Your Spells              Type           Power      Damage    Failure   Level
a - Foxfire               Conj/Fire      64%        2x1d7     3%          1
b - Scorch                Fire           32%        2d6       4%          2
c - Volatile Blastmotes   Fire/Tloc      32%        2d12      10%         3
d - Inner Flame           Hex/Fire       16%        N/A       10%         3
e - Flame Wave            Conj/Fire      16%        2d7       32%         4
f - Kiss of Death         Conj/Necr      64%        2d10      3%          1
Your spell library was empty.

Dungeon Overview and Level Annotations

Branches:
Dungeon (4/15)
 Temple: D:4-7

Altars:

Shops:
D:3 *(


Innate Abilities, Weirdness & Mutations

You are immune to sickness and miasma.
You are immune to poison.
Your flesh is very heat resistant. (rF++)
You are vulnerable to cold. (rC-)
You float through the air rather than walking.
You learn spells naturally, not from books.
Your magical power is your life essence.
You have superior vitality. (+4 MHP)


Message History

Confirm with . or Enter, or press ? or * to list all spells.
You conjure some foxfire!
The gnoll is no longer more vulnerable to fire.
The kobold hits you but does no damage. The gnoll hits you but does no damage.
The gnoll hits you with a +0 flail.
You completely miss the kobold.
The kobold is severely wounded.
The foxfire hits the kobold.
You kill the kobold!
The gnoll hits you with a +0 flail! The gnoll hits you with a +0 whip.
* * * LOW HITPOINT WARNING * * *
Okay, then.
The air fills with toxic fumes!
As you read the scroll of poison, it crumbles to dust.
The gnoll hits you but does no damage. The gnoll closely misses you.
There is a stone staircase leading up here.
You start resting.
A gnoll is nearby!
You fly upwards.
There is a stone staircase leading down here.
You start resting.
HP restored.
You fly downwards.
The gnoll hits you with a +0 whip!
There is a stone staircase leading up here.
The gnoll hits you with a +0 flail!
Casting: Foxfire (safe; 3% risk of failure)
Confirm with . or Enter, or press ? or * to list all spells.
The spell is quite dangerous to miscast (10% risk of failure)!
Continue anyway?
You miscast Volatile Blastmotes.
You are very lightly contaminated with residual magic.
Nothing appears to happen.
The gnoll hits you with a +0 whip!
* * * LOW HITPOINT WARNING * * *
Casting: Volatile Blastmotes (quite dangerous; 10% risk of failure)
Confirm with . or Enter, or press ? or * to list all spells.
Flames lash the gnoll.
The gnoll is severely wounded.
The gnoll's fire resistance burns away.
* * * LOW HITPOINT WARNING * * *
The gnoll hits you with a +0 whip.
You die...

# #.#####.#.# #.# # #
#.........## #.# # # #######.#..#
#.# # # #.##.# #.# ### # #.##.#
#.# #.. # #.##.##### ###.# #.# #
#.>.g....# #...###.# #
####g###.####.#...#.# #
#@##.........#.#.# #
##########.##..####)#...#.# #
##..........##..# #.##..... #
#...........##..# #.#####.#
######.###.#.###.##..####........
.......# #.#.# #.............<...
####...###.#.###..#.#.#########.#
#.......#.....##.#.#########.#
#.#.#########÷..#............#


You could see 2 gnolls.

Vanquished Creatures
  3 adders
  A gnoll (D:3)
  5 endoplasms
  5 giant cockroaches
  3 goblins (D:1)
  3 hobgoblins
  4 jackals (D:2)
  4 quokkas
  4 ball pythons
  5 bats
  5 frilled lizards
  4 kobolds
  4 rats
50 creatures vanquished.

Vanquished Creatures (others)
  98 foxfires
98 creatures vanquished.

Grand Total: 148 creatures vanquished

Notes
Turn   | Place    | Note
-------+----------+-------------------------------------------
     0 | D:1      | jlumianski the Djinni Fire Elementalist began the quest for
                  | the Orb.
     0 | D:1      | jlumianski set off with the following spells memorised:
                  | Foxfire, Scorch, Volatile Blastmotes, Inner Flame, Flame
                  | Wave.
     0 | D:1      | Reached XP level 1. HP: 15/15 MP: 0/0
   164 | D:1      | Reached XP level 2. HP: 20/21 MP: 0/0
   439 | D:1      | Reached XP level 3. HP: 25/25 MP: 0/0
   439 | D:1      | Learned a level 1 spell: Kiss of Death
  1390 | D:2      | Reached XP level 4. HP: 29/31 MP: 0/0
  1634 | D:3      | Found Jukepil's General Store.
  1666 | D:3      | Found Jedaeh's Antique Weapon Emporium.
  1796 | D:2      | Slain by a gnoll

Illustrated notes

Levels and vault maps discovered:
D:1:      minmay_arrival_floating_metal, layout_loops_ring
D:2:      layout_loops_ring, minmay_misc_feat_cross
D:3:      layout_basic, marbit_many_paths, mainiacjoe_overflow_small_starburst,
          chequers_ecumenical_altar_simple_redux, serial_shops,
          nicolae_square_shop, nicolae_diamond_shop, shop_statue,
          grunt_ministairs_13
D:4:      kennysheep_kobold_camp, layout_basic, elyvilon_altar_3,
          minmay_temple_entry_gardened_gates, serial_undead, serial_undead_b,
          serial_undead_f, serial_undead_a, serial_undead_d, serial_undead_e,
          serial_undead_a, gammafunk_ghost_smash, kennysheep_pointless_box,
          uniq_crazy_yiuf_cottage

Skill      XL: |  1  2 |
---------------+-------+-----
Spellcasting   | |  3.5
Conjurations   | |  3.5
Hexes          | |  3.5
Summonings     | |  3.5
Necromancy     | |  3.5
Translocations | |  3.5
Transmutations | |  3.5
Fire Magic     | |  3.5
Ice Magic      | |  3.5
Air Magic      | |  3.5
Earth Magic    | |  3.5
Poison Magic   | |  3.5
Stealth        | 2 |  2.4
Dodging        | |  2.8

Action                     |  1- 3 |  4- 6 || total
---------------------------+-------+-------++-------
  Melee: Dagger            |    24 |     8 ||    32
         Rapier            |       |     2 ||     2
   Cast: Foxfire           |    49 |    10 ||    59
         Scorch            |     1 |     5 ||     6
    Use: Scroll            |     1 |     1 ||     2
   Stab: Sleeping          |     3 |     1 ||     4
 Armour: Robe              |     7 |     8 ||    15
  Dodge: Dodged            |    20 |    13 ||    33

Table legend: (Time is in decaauts)
 A = Elapsed time spent in this place.
 B = Non-inter-level travel time spent in this place.
 C = Inter-level travel time spent in this place.
 D = Time resting spent in this place.
 E = Time spent auto-exploring this place.
 F = Levels seen in this place.
 G = Mean time per level.
                   A        B        C        D        E       F      G
               +--------+--------+--------+--------+--------+-----+--------+
         Total |   1803 |   1754 |     49 |    107 |   1046 |   4 |  450.8 |
       Dungeon |   1803 |   1754 |     49 |    107 |   1046 |   4 |  450.8 |
               +--------+--------+--------+--------+--------+-----+--------+

Top non-repeatable levels by time:
     D:1: 830 daAuts
     D:2: 769 daAuts
     D:3: 190 daAuts
     D:4: 13 daAuts
